 Dungeon Crawl Stone Soup version 0.29.1-12-g30fa7ad0bf (webtiles) character file.

Game seed: 2246501811844543693

106260 Lutefisk the Carver (level 15, -15/83 (84) HPs)
             Began as a Vine Stalker Brigand on Jan 11, 2023.
             Was the Champion of Ru.
             Demolished by a merfolk
             ... wielding a +0 trident
             ... led by a merfolk impaler
              (16 damage)
             ... on level 3 of the Shoals.
             The game lasted 02:22:36 (14724 turns).

Lutefisk the Carver (Vine Stalker Brigand)         Turns: 14724, Time: 02:22:37

HP:   -15/83 (84)   AC: 11    Str: 20    XL:     15   Next: 43%
MP:   0/14          EV: 21    Int: 11    God:    Ru [******]
Gold: 438           SH: 14    Dex: 30    Spells: 14/14 levels left

rFire   + . .      SeeInvis .   f - +4 dagger (venom)
rCold   + + +      Faith    .   I - +0 kite shield
rNeg    . . .      Spirit   +   Z - +1 troll leather armour {Snorg}
rPois   +          Reflect  .   m - +0 helmet
rElec   .          Harm     .   R - scarf {rC+ rF+}
rCorr   .          Rampage  .   V - +1 pair of gloves {Dex+3}
Will    .....                   k - +0 pair of boots
Stlth   ++++++....              q - amulet of regeneration
HPRegen 2.63/turn               Q - ring "Leupp" {rPois rC+++ Will- Str+4 Dex+6}
MPRegen 0.14/turn               A - +4 ring of protection

@: lightly drained, unable to drink
A: fangs 3, low MP 1, regeneration 1, magic shield, antimagic bite, no potion
heal 2, inability to drink after injury 2, no air magic, no hexes magic, no
summoning magic, reduced AC 1, inexperienced 1, missing an eye
a: Renounce Religion, Draw Out Power, Power Leap, Apocalypse


You were on level 3 of the Shoals.
You worshipped Ru.
Ru was exalted by your worship.
You visited 6 branches of the dungeon, and saw 27 of its levels.
You also visited: Ossuary and Bailey.

You collected 2039 gold pieces.
You spent 1601 gold pieces at shops.

Inventory:

Hand Weapons
 f - a +4 dagger of venom (weapon)
 r - a +1 dagger of electrocution
 v - a +0 scimitar
Missiles
 d - 17 poisoned darts
 e - 7 curare-tipped darts
 y - 17 boomerangs (quivered)
 C - a throwing net
 L - 12 atropa-tipped darts
 M - 9 silver javelins
Armour
 k - a +0 pair of boots (worn)
 m - a +0 helmet (worn)
 I - a +0 kite shield (worn)
 R - a scarf of resistance (worn)
 V - a +1 pair of gloves of dexterity (worn)
 Z - a +1 troll leather armour (worn) {Snorg}
Jewellery
 q - an amulet of regeneration (around neck)
 w - a ring of resist corrosion
 z - an amulet of reflection
 A - a +4 ring of protection (right hand)
 Q - the ring "Leupp" (left hand) {rPois rC+++ Will- Str+4 Dex+6}
   (You bought it in a shop on level 2 of the Dungeon)

   [ring of dexterity]

   Str:       It affects your strength (+4).
   Dex:       It affects your dexterity (+6).
   rC:        It renders you almost immune to cold.
   rPois:     It protects you from poison.
   Will:      It decreases your willpower.
 W - a ring of protection from fire
Wands
 i - a wand of light (7)
 j - a wand of mindburst (1)
 s - a wand of flame (25)
 K - a wand of iceblast (5)
 X - a wand of paralysis (3)
Scrolls
 h - 2 scrolls of blinking
 o - a scroll of summoning {unknown}
 p - 4 scrolls of amnesia
 x - 2 scrolls of immolation
 B - a scroll of silence
 E - 3 scrolls of fog
 F - 3 scrolls of vulnerability
 G - 2 scrolls of teleportation
 N - 7 scrolls of enchant weapon
 O - 3 scrolls of enchant armour
 P - 2 scrolls of magic mapping {unknown}
 Y - 4 scrolls of poison
Potions
 a - 4 potions of flight
 b - 2 potions of resistance
 c - 5 potions of cancellation
 g - 3 potions of haste
 l - 20 potions of curing
 n - 8 potions of lignification
 t - 3 potions of ambrosia
 u - 6 potions of brilliance
 D - 6 potions of might
 H - 3 potions of attraction
 J - a potion of berserk rage {unknown}
 S - 3 potions of mutation
 T - 2 potions of magic
 U - a potion of experience {unknown}


   Skills:
 * Level 11.7 Fighting
 - Level 1.7(9.2) Short Blades
 - Level 13.9(14.0) Long Blades
 - Level 3.0 Throwing
 - Level 10.0 Armour
 * Level 10.1 Dodging
 - Level 13.0 Stealth
 - Level 8.0 Shields
 - Level 5.0 Evocations


You had 14 spell levels left.
You didn't know any spells.
Your spell library contained the following spells:

 Spells                   Type           Power      Damage    Failure   Level
 Magic Dart               Conj           0%         1d3       69%         1
 Passwall                 Tmut/Erth      0%         N/A       83%         2
 Searing Ray              Conj           0%         2d4       83%         2
 Gell's Gravitas          Tloc           0%         N/A       96%         3
 Ignite Poison            Fire/Tmut/Pois 0%         N/A       96%         3
 Lesser Beckoning         Tloc           0%         N/A       96%         3
 Stone Arrow              Conj/Erth      0%         3d7       96%         3
 Teleport Other           Tloc           0%         N/A       96%         3
 Passage of Golubria      Tloc           0%         N/A       100%        4
 Dispersal                Tloc           0%         N/A       100%        6
 Lehudib's Crystal Spear  Conj/Erth      0%         10d2      100%        8
 Ensorcelled Hibernation  Hex/Ice        Unusable   N/A       N/A         2
 Call Canine Familiar     Summ           Unusable   N/A       N/A         3
 Mephitic Cloud           Conj/Pois/Air  Unusable   N/A       N/A         3
 Portal Projectile        Hex/Tloc       Unusable   N/A       N/A         3
 Swiftness                Air            Unusable   N/A       N/A         3
 Animate Armour           Summ/Erth      Unusable   N/A       N/A         4
 Fulminant Prism          Conj/Hex       Unusable   3d6       N/A         4
 Leda's Liquefaction      Hex/Erth       Unusable   N/A       N/A         4
 Freezing Cloud           Conj/Ice/Air   Unusable   6-21      N/A         5
 Silence                  Hex/Air        Unusable   N/A       N/A         5

Dungeon Overview and Level Annotations

Branches:
Dungeon (15/15)            Temple (1/1) D:6            Lair (5/5) D:10
 Shoals (3/4) Lair:2       Spider (1/4) Lair:3        Slime (0/5) Lair:5
    Orc (2/2) D:12            Elf (0/3) Orc:2       Ossuary (visited)
 Bailey (visited)
 Vaults: D:13-14     Depths: D:15

Altars:
Ashenzari
Cheibriados
Dithmenos
Elyvilon
Fedhas
Gozag
Hepliaklqana
Kikubaaqudgha
Makhleb
Nemelex Xobeh
Okawaru
Qazlal
Ru
Sif Muna
Trog
Uskayaw
Vehumet
Wu Jian
Xom
Yredelemnul
Zin
The Shining One
Jiyva

Shops:
D:2 =(   D:5 [   D:9 !   D:11 !   D:13 (   Orc:2 ((*(

Annotations:
D:3 Grinder
D:11 Erolcha
D:13 exclusions: ice statue and obsidian statue
D:14 Wuupn's ghost, journeyman MiBe
Lair:4 1 runed translucent door, Rilik's ghost, journeyman TeAE; Rupert
Shoals:1 Roxanne
Shoals:3 1 transporter
Orc:1 Josephine


Innate Abilities, Weirdness & Mutations

You have razor-sharp teeth.
Your magical capacity is low. (-10% MP)
Your natural rate of healing is unusually fast.
When hurt, damage is shared between your health and your magic reserves.
Your bite disrupts and absorbs the magic of your enemies.
Potions cannot restore your health.
You sometimes lose the ability to drink potions when taking damage.
You cannot study or cast Air magic.
You cannot study or cast Hexes magic.
You cannot study or cast Summoning magic.
You take slightly more damage. (AC -5)
You are somewhat inexperienced. (-1 XL)
You are missing an eye, making it more difficult to aim.


Message History

The merfolk impaler hits you from afar with a +4 vorpal trident.
The merfolk closely misses you. You block the merfolk's attack.
You block the merfolk impaler's attack. You block the merfolk's attack.
You block the merfolk impaler's attack. You block the merfolk's attack.
You completely miss the merfolk impaler.
You bite the merfolk impaler. You drain its power.
You feel invigorated.
The merfolk impaler is lightly wounded.
The merfolk barely misses you. You block the merfolk impaler's attack.
The merfolk impaler completely misses you.
The merfolk hits you with a +0 trident.
You hit the merfolk impaler.
The merfolk impaler is poisoned.
The merfolk impaler is lightly wounded.
The merfolk completely misses you.
The merfolk impaler hits you with a +4 vorpal trident!
You hit the merfolk.
The merfolk is poisoned.
The merfolk is lightly wounded.
You block the merfolk's attack. You block the merfolk impaler's attack.
You block the merfolk's attack.
You puncture the merfolk!
The merfolk looks as sick as possible!
You bite the merfolk. You drain its power.
You feel invigorated.
The merfolk is moderately wounded.
You block the merfolk impaler's attack.
The merfolk is stunned by your conviction and fails to attack.
You puncture the merfolk impaler! Your bite misses the merfolk impaler.
The merfolk impaler is lightly wounded.
The merfolk impaler hits you with a +4 vorpal trident!!
You feel threatened and lose the ability to drink potions!
The merfolk hits you with a +2 spear of venom!
The merfolk hits you with a +0 trident! The merfolk attacks as you move away!
You block the merfolk's attack.
The merfolk impaler hits you from afar with a +4 vorpal trident!
* * * LOW HITPOINT WARNING * * *
x2 You focus your inner power and blind the merfolk impaler in retribution!
The merfolk hits you from afar with a +2 spear of venom.
* * * LOW HITPOINT WARNING * * *
The merfolk impaler hits you from afar with a +4 vorpal trident!
* * * LOW HITPOINT WARNING * * *
x2 The merfolk hits you from afar with a +0 trident!
You die...

≈≈≈≈≈≈≈≈≈≈≈≈~~~~
≈≈≈≈≈≈≈≈≈≈≈≈~~~~~
≈≈≈≈≈≈≈≈≈≈≈~~~~~~
≈≈≈≈≈≈≈≈≈≈~~~~~~~
≈≈≈≈≈~~~~~~~~~~~.
≈≈≈≈~~~~~~~~~~~~.
≈≈≈~~~~~mm~~~~~~©
≈≈≈~~~~..m~######
≈≈≈~~~.@.~## ~
≈≈≈≈~~....~# .#.
≈≈≈~~~....~#.~.~
≈≈≈~~~.>..~#~.≈Z
≈≈≈~~~....~#~#~≈
≈≈≈≈≈~~~....~#~~# ~
≈≈≈≈≈~~~~...~#÷#~≈
#~
≈≈≈≈≈~~~~~..~#~.≈≈
#~
≈≈≈≈≈≈~~~~~~.~#..~.
#~


You could see a merfolk impaler (blind, very poisoned) and 2 merfolk.

Vanquished Creatures
  Jorgrun (Shoals:1)
  Polyphemus (Shoals:3)
  Kirke (Shoals:1)
  Louise (Shoals:1)
  A broodmother (Lair:3)
  Snorg (D:12)
  3 merfolk impalers
  A fire dragon (Lair:5)
  A boulder beetle (D:13)
  8 hydras
  Fannar (D:10)
  3 centaur warriors
  2 ogre magi (D:15)
  2 vault guards (Bailey)
  2 catoblepae
  11 two-headed ogres
  2 satyrs (Shoals:3)
  3 tengu warriors
  2 death yaks (Shoals:3)
  Urug (Lair:2)
  3 orc high priests (Orc:2)
  Sonja (D:11)
  8 skeletal warriors (D:13)
  A sixfirhy (D:15)
  An orb spider (Lair:3)
  A sea snake (Shoals:3)
  Amaemon (D:11)
  A steelbarb worm (Lair:3)
  3 orc sorcerers (Orc:2)
  A wizard (D:14)
  Pikel (D:8)
  A lindwurm (Lair:5)
  A wolf spider (D:15)
  5 orc knights (Orc:2)
  3 deep elf pyromancers
  10 ugly things (D:14)
  6 cyclopes
  6 elephants (Lair:2)
  9 manticores
  11 fauns
  Joseph (D:7)
  3 water nymphs
  5 merfolk sirens
  A torpor snail (Lair:3)
  9 black mambas
  3 molten gargoyles (Lair:5)
  A rust devil (D:15)
  2 unseen horrors
  A gargoyle (D:11)
  An orange demon (D:11)
  8 cane toads
  4 rime drakes
  A demonic crawler (Lair:3)
  3 tengu conjurers
  11 komodo dragons
  A queen bee (Lair:2)
  11 merfolk
  4 trolls
  A polar bear (Lair:2)
  8 slime creatures
  Prince Ribbit (Bailey)
  3 tarantellas
  2 wind drakes
  5 blink frogs (Lair:4)
  3 dream sheep (Lair:2)
  2 snapping turtles (Shoals:1)
  2 jumping spiders (Lair:3)
  5 culicivoras
  2 vampires
  3 shadows
  4 wraiths
  22 humans
  27 yaks
  A ynoxinul (D:15)
  2 water elementals
  6 wyverns
  3 basilisks (Lair:5)
  Grum (D:11)
  2 vampire mosquitoes (D:10)
  6 steam dragons
  8 redbacks
  6 wargs
  2 acid dragons
  4 hell hounds (Lair:5)
  10 water moccasins
  2 sky beasts
  8 black bears
  19 orc warriors
  3 boggarts (D:14)
  4 ogres
  3 centaurs
  7 wolves
  A phantom (D:4)
  A kobold brigand (D:8)
  10 bullfrogs
  2 scorpions
  8 wights (D:7)
  20 killer bees
  2 electric eels (Lair:5)
  2 howler monkeys
  5 lava snakes (Lair:5)
  2 hounds (D:5)
  7 jellies
  Crazy Yiuf (D:4)
  19 orc priests
  Ijyb (D:4)
  6 iguanas
  23 orc wizards
  Natasha (D:4)
  3 mummies (Ossuary)
  3 gnolls (D:2)
  4 adders
  A shadow imp (D:8)
  4 white imps
  An ufetubus (D:6)
  5 worms
  3 dart slugs
  62 orcs
  3 bats
  7 endoplasms
  A giant cockroach (D:2)
  A gnoll zombie (Ossuary)
  14 goblins
  11 hobgoblins
  6 jackals
  2 quokkas (D:2)
  4 ball pythons
  4 frilled lizards
  2 goblin zombies (Ossuary)
  4 hobgoblin zombies (Ossuary)
  8 kobolds
  2 kobold zombies (Ossuary)
  3 rats
648 creatures vanquished.

Vanquished Creatures (others)
  A cyclops (Lair:2)
  A merfolk (Shoals:3)
  A tarantella (Lair:3)
  3 humans (Shoals:1)
  2 redbacks (Lair:3)
  An orc warrior (Orc:2)
  A killer bee (D:10)
  A howler monkey (D:13)
  An orc priest (Orc:2)
  An orc wizard (D:8)
  2 orcs (Orc:2)
  3 demonic plants (D:15)
  5 fungi
  30 plants
  4 withered plants (D:15)
57 creatures vanquished.

Grand Total: 705 creatures vanquished

Notes
Turn   | Place    | Note
-------+----------+-------------------------------------------
     0 | D:1      | Lutefisk the Vine Stalker Brigand began the quest for the
                  | Orb.
     0 | D:1      | Reached XP level 1. HP: 11/11 MP: 2/2
    35 | D:2      | Reached skill level 5 in Stealth
   132 | D:2      | Reached XP level 2. HP: 12/15 MP: 1/3
   335 | D:2      | Reached XP level 3. HP: 15/19 MP: 4/4
   620 | D:2      | Found a faded altar of an unknown god.
   642 | D:2      | Gained mutation: Your natural rate of healing is unusually
                  | fast. [Vine Stalker growth]
   642 | D:2      | Reached XP level 4. HP: 21/24 MP: 5/5
   648 | D:2      | Reached skill level 1 in Dodging
   658 | D:2      | Found Ybilirub's Weapon Emporium.
   694 | D:2      | Found Moukickusm's Jewellery Boutique.
   756 | D:3      | Noticed Grinder
   809 | D:3      | Found a glowing golden altar of the Shining One.
   837 | D:3      | Found a shimmering blue altar of Sif Muna.
   842 | D:4      | Noticed a sky beast
   846 | D:4      | Killed a sky beast
   847 | D:4      | Reached skill level 1 in Armour
   847 | D:4      | Reached XP level 5. HP: 22/29 MP: 3/6
   855 | D:4      | Reached skill level 1 in Long Blades
   869 | D:4      | Reached XP level 6. HP: 31/33 MP: 5/7
   891 | D:4      | Noticed Ijyb
   907 | D:4      | Killed Ijyb
   952 | D:4      | Found a runed translucent door.
   953 | D:4      | Noticed Crazy Yiuf
   959 | D:4      | Killed Crazy Yiuf
  1141 | D:4      | Found a snail-covered altar of Cheibriados.
  1265 | D:5      | Entered Level 5 of the Dungeon
  1335 | D:4      | Noticed Natasha
  1344 | D:4      | Killed Natasha
  1359 | D:4      | Reached skill level 5 in Fighting
  1359 | D:4      | Reached XP level 7. HP: 39/39 MP: 8/8
  1475 | D:6      | Found a staircase to the Ecumenical Temple.
  1481 | Temple   | Entered the Ecumenical Temple
  1498 | Temple   | Became a worshipper of Ru the Awakened
  1566 | D:6      | Reached skill level 1 in Evocations
  1640 | D:5      | Found an opulent altar of Gozag.
  1671 | D:5      | Found Piohoir's Armour Emporium.
  1892 | D:6      | Gained mutation: You have razor-sharp teeth. [Vine Stalker
                  | growth]
  1892 | D:6      | Reached XP level 8. HP: 34/44 MP: 9/9
  2272 | D:7      | Gained mutation: Your magical capacity is low. (-10% MP)
                  | [Ru sacrifice]
  2319 | D:7      | Noticed a wyvern
  2331 | D:7      | Killed a wyvern
  2332 | D:7      | Reached XP level 9. HP: 49/49 MP: 9/9
  2344 | D:7      | Noticed Joseph
  2410 | D:7      | Killed Joseph
  2882 | D:8      | Noticed Pikel
  2906 | D:8      | Killed Pikel
  2982 | D:8      | Found a sand-covered staircase.
  2989 | Ossuary  | Entered an ossuary
  3386 | D:8      | Noticed a cyclops
  3402 | D:8      | Reached skill level 10 in Stealth
  3425 | D:8      | Killed a cyclops
  3426 | D:8      | Reached XP level 10. HP: 32/56 MP: 3/10
  3563 | D:8      | Reached skill level 5 in Dodging
  3602 | D:9      | Found Qugucusi's Distillery.
  3605 | D:9      | Bought a potion of lignification for 48 gold pieces
  3605 | D:9      | Bought a potion of curing for 48 gold pieces
  3605 | D:9      | Bought a potion of cancellation for 128 gold pieces
  3686 | D:9      | Found a broken altar of Ashenzari.
  3700 | D:9      | Found a flagged portal.
  3742 | Bailey   | Entered a bailey
  3815 | Bailey   | Reached skill level 5 in Armour
  3816 | Bailey   | Reached skill level 5 in Long Blades
  3911 | Bailey   | Noticed Prince Ribbit
  3911 | Bailey   | Noticed a vault guard
  3939 | Bailey   | Killed Prince Ribbit
  3978 | Bailey   | Killed a vault guard
  4034 | Bailey   | Noticed a vault guard
  4040 | Bailey   | Killed a vault guard
  4041 | Bailey   | Reached XP level 11. HP: 60/60 MP: 10/10
  4372 | D:10     | Entered Level 10 of the Dungeon
  4470 | D:10     | Found a staircase to the Lair.
  4479 | Lair:1   | Entered Level 1 of the Lair of Beasts
  4479 | Lair:1   | Noticed a four-headed hydra
  4588 | Lair:1   | Noticed a four-headed hydra
  4601 | Lair:1   | Killed a four-headed hydra
  4749 | Lair:2   | Noticed a five-headed hydra
  4929 | Lair:1   | Noticed an eight-headed hydra
  5008 | Lair:2   | Reached skill level 10 in Fighting
  5008 | Lair:2   | Reached XP level 12. HP: 34/67 MP: 4/11
  5382 | Lair:2   | Noticed Urug
  5384 | Lair:2   | Killed Urug
  5670 | Lair:5   | Entered Level 5 of the Lair of Beasts
  5727 | Lair:5   | Noticed a fire dragon
  5735 | Lair:5   | Found a large runed translucent door.
  5736 | Lair:5   | Found a large runed translucent door.
  5779 | Lair:5   | Noticed a four-headed hydra
  5795 | Lair:5   | Killed a four-headed hydra
  5840 | Lair:5   | Reached XP level 13. HP: 63/72 MP: 9/12
  5932 | Lair:5   | Killed a fire dragon
  6118 | Lair:5   | Found a staircase to the Slime Pits.
  6119 | Lair:5   | Found a viscous altar of Jiyva.
  6136 | Lair:5   | Reached skill level 5 in Evocations
  6359 | Lair:4   | Noticed Rupert
  6408 | Lair:4   | Gained mutation: You occasionally lose the ability to drink
                  | potions when taking damage. [Ru sacrifice]
  6408 | Lair:4   | Gained mutation: You sometimes lose the ability to drink
                  | potions when taking damage. [Ru sacrifice]
  6408 | Lair:4   | Reached * piety under Ru
  6408 | Lair:4   | Reached ** piety under Ru
  6508 | Lair:4   | Found a runed translucent door.
  6508 | Lair:4   | Noticed Rilik's ghost (journeyman TeAE)
  6597 | Lair:3   | Found a hole to the Spider Nest.
  6870 | Lair:2   | Found a staircase to the Shoals.
  7045 | D:10     | Found an ornate altar of the Wu Jian Council.
  7236 | D:11     | Noticed Fannar
  7298 | D:11     | Noticed Grum
  7304 | D:11     | Noticed Sonja
  7315 | D:11     | Killed Grum
  7322 | D:11     | Noticed Amaemon
  7350 | D:11     | Killed Sonja
  7455 | D:11     | Noticed Erolcha
  7473 | D:12     | Identified the +2 scale mail "Foiprac" {Int+2 SInv Stlth-}
  7730 | D:12     | Noticed Snorg
  7731 | D:12     | Found a staircase to the Orcish Mines.
  7753 | D:12     | Killed Snorg
  7816 | D:12     | Reached XP level 14. HP: 77/77 MP: 13/13
  7879 | D:12     | Gained mutation: You are somewhat inexperienced. (-1 XL)
                  | [Ru sacrifice]
  7879 | D:12     | Reached XP level 13. HP: 72/72 MP: 12/12
  7879 | D:12     | Reached *** piety under Ru
  8007 | D:11     | Killed Amaemon
  8064 | D:11     | Reached skill level 10 in Dodging
  8116 | D:11     | Found Vegit's Distillery.
  8134 | D:11     | Bought a potion of degeneration for 15 gold pieces
  8135 | D:11     | Bought a potion of invisibility for 120 gold pieces
  8351 | D:13     | Reached skill level 1 in Shields
  8572 | D:13     | Reached skill level 10 in Armour
  8762 | D:13     | Found Kaic's Antique Weapon Emporium.
  8922 | D:13     | Reached skill level 5 in Shields
  9027 | Orc:1    | Entered Level 1 of the Orcish Mines
  9073 | Orc:2    | Entered Level 2 of the Orcish Mines
  9249 | Orc:2    | Reached skill level 10 in Long Blades
  9264 | Orc:2    | Gained mutation: You are missing an eye, making it more
                  | difficult to aim. [Ru sacrifice]
  9264 | Orc:2    | Reached **** piety under Ru
  9367 | Orc:2    | Found a staircase to the Elven Halls.
  9740 | Orc:1    | Noticed Josephine
 10101 | Orc:2    | Found Moyvuapt's Weapon Shop.
 10101 | Orc:2    | Found Xaun's Antique Weapon Emporium.
 10103 | Orc:2    | Found Suex's Assorted Antiques.
 10103 | Orc:2    | Found Uranadef's Weapon Emporium.
 10113 | Orc:2    | Bought a scroll labelled GUPUDUCVOHOK for 33 gold pieces
 10381 | Orc:2    | Reached XP level 14. HP: 77/77 MP: 10/13
 10472 | D:10     | Killed Fannar
 10669 | D:2      | Bought the ring "Leupp" {rPois rC+++ Will- Str+4 Dex+6} for
                  | 1209 gold pieces
 11096 | D:14     | Noticed Wuupn's ghost (journeyman MiBe)
 11568 | D:14     | Found a sparkling altar of Nemelex Xobeh.
 11612 | D:15     | Entered Level 15 of the Dungeon
 11647 | D:15     | Gained mutation: You take slightly more damage. (AC -5) [Ru
                  | sacrifice]
 11647 | D:15     | Reached ***** piety under Ru
 11730 | D:15     | Identified the +3 spear of the Charming Gods {flame, rPois
                  | rCorr}
 12150 | D:15     | Found a shadowy altar of Dithmenos.
 12585 | Spider:1 | Entered Level 1 of the Spider Nest
 13010 | Lair:3   | HP: 3/61 [pharaoh ant (6)]
 13067 | Shoals:1 | Entered Level 1 of the Shoals
 13361 | Shoals:1 | Noticed Louise
 13613 | Shoals:1 | Killed Louise
 13666 | Shoals:1 | Noticed Kirke
 13687 | Shoals:1 | Killed Kirke
 13716 | Shoals:1 | Noticed Jorgrun
 13788 | Shoals:1 | Reached XP level 15. HP: 69/77 MP: 11/14
 13816 | Shoals:1 | Killed Jorgrun
 13867 | Shoals:1 | Reached skill level 1 in Hexes
 13867 | Shoals:1 | Reached skill level 1 in Summonings
 13867 | Shoals:1 | Reached skill level 1 in Air Magic
 13874 | Shoals:1 | Noticed Roxanne
 13935 | Shoals:1 | Identified the +0 leather armour "Mipazaj" {*Slow +Inv SInv
                  | Stlth+}
 14322 | Shoals:2 | Gained mutation: You cannot study or cast Air magic. [Ru
                  | sacrifice]
 14322 | Shoals:2 | Gained mutation: You cannot study or cast Hexes magic. [Ru
                  | sacrifice]
 14322 | Shoals:2 | Gained mutation: You cannot study or cast Summoning magic.
                  | [Ru sacrifice]
 14322 | Shoals:2 | Reached ****** piety under Ru
 14387 | Shoals:3 | Noticed Polyphemus
 14492 | Shoals:3 | Killed Polyphemus
 14706 | Shoals:3 | Found a transporter.
 14724 | Shoals:3 | HP: 3/83 [merfolk impaler/+4 vorpal trident (9)]
 14724 | Shoals:3 | HP: 1/83 [merfolk impaler/+4 vorpal trident (2)]
 14724 | Shoals:3 | Demolished by a merfolk

Illustrated notes

Levels and vault maps discovered:
D:1:      dpeg_arrival_houses_and_road, layout_basic
D:2:      layout_loops_corners, ebering_ecumenical_altar_webs, serial_shops,
          shop, nicolae_shop_trees
D:3:      layout_loops_ring, led_sif_pool, tso_oasis_becter, uniq_grinder
D:4:      cheibrodos_barr_body, layout_basic, mainiacjoe_overflow_cross_hatched,
          nicolae_wormholes, uniq_crazy_yiuf_cottage, uniq_natasha, uniq_ijyb
D:5:      layout_gridville, nicolae_gozag_cash_rules_everything_around_me,
          serial_shops, nicolae_shop_advertising_works
          [nicolae_subvault_shop_adworks]
D:6:      layout_basic, minmay_temple_entry_glassed_door
D:7:      layout_basic, item_on_display_a, uniq_joseph
D:8:      cheibrodos_steamvent, layout_loops_corners,
          chequers_ossuary_entry_cave, uniq_pikel
D:9:      layout_long_grid, nicolae_ashenzari_skybound, enter_bailey_5,
          nicolae_stop_n_shop_1, kennysheep_generic_room_6
D:10:     layout_cave_pools, nicolae_wu_jian_wuxing_cycle,
          erik_lair_orcish_takeover, dreamdust_wishing_well
D:11:     layout_rooms, serial_shops, kennysheep_mini_moat,
          lemuel_flamethrower_1, uniq_erolcha, uniq_fannar, uniq_sonja,
          uniq_amaemon, uniq_grum
D:12:     layout_loops_corners, erik_orc_4, minmay_dual_archer_statues,
          uniq_snorg
D:13:     layout_irregular_city, grunt_vaults_entry_tiered, serial_shops,
          nicolae_shop_competitors_out_of_business, serial_column_ruins,
          column_ruins_hut, column_ruins_grid_1, column_ruins_columns_water,
          column_ruins_columns_straight, column_ruins_columns_straight,
          column_ruins_grid_2, column_ruins_grid_1, david_greed
D:14:     layout_loops_ring, nemelex_diamond_rough_becter, gammafunk_ghost_icy
D:15:     grunt_enter_depths_snipers, layout_irregular_city,
          kiku_gazebo_garden_becter, serial_demonic, serial_demonic_e,
          serial_demonic_e, serial_demonic_d, serial_demonic_b,
          grunt_dithmenos_shadows
Temple:   lightli_temple_of_artemis
Lair:1:   layout_gridlike, beast_lair_carwin_8, serial_bayou_shore_a
Lair:2:   layout_layer_cave, shoals_dummy_entry, special_room
          [special_room_bee], grunt_megastairs_2, uniq_urug
Lair:3:   layout_hall_layers, nicolae_spider_entry_orb_guardian
Lair:4:   layout_loops_ring, ebering_ghost_inner_flame, uniq_rupert
Lair:5:   cheibrodos_lair_end_hotspot, layout_regular_city,
          minmay_slime_entry_pillars, nicolae_quartered_pool_medium
Shoals:1: layout_shoals, uniq_kirke, uniq_roxanne, uniq_louise, uniq_jorgrun
Shoals:2: layout_shoals
Shoals:3: layout_shoals, ebering_ghost_davey_jones, nicolae_stop_n_shop_2,
          lightli_airlock, uniq_polyphemus
Spider:1: layout_spider_delve, nicolae_spider_orb_run
Orc:1:    layout_caves, uniq_josephine
Orc:2:    grunt_orc_tribal_feast, layout_caves, mines4_lemuel

Skill      XL: |  1  2  3  4  5  6  7  8  9 10 11 12 13 14 15 |
---------------+----------------------------------------------+-----
Fighting       | 2 3 4 5 6 7 8 10 11 | 11.7
Stealth        | 5 6 7 10 13 | 13.0
Dodging        | 1 2 3 4 6 7 8 10 | 10.1
Throwing       | 2 3 |  3.0
Armour         | 1 2 3 4 6 7 8 10 | 10.0
Long Blades    | 1 2 3 5 9 10 13 | 13.9
Evocations     | 2 3 4 5 |  5.0
Shields        | 7 8 |  8.0
Hexes          | 0 |  0.0
Summonings     | 0 |  0.0
Air Magic      | 0 |  0.0
Short Blades   | |  1.7

Action                   |  1- 3 |  4- 6 |  7- 9 | 10-12 | 13-15 || total
-------------------------+-------+-------+-------+-------+-------++-------
Melee: Dagger            |    69 |   116 |   295 |   611 |  1349 ||  2440
       Punch             |     1 |     2 |     5 |    11 |     2 ||    21
       Bite              |    10 |    33 |   108 |   280 |   673 ||  1104
       Great sword       |       |       |       |    46 |   258 ||   304
       Scimitar          |       |       |       |       |   274 ||   274
Throw: Dart              |       |     5 |     2 |     7 |    45 ||    59
       Boomerang         |       |       |       |    21 |    38 ||    59
       Throwing net      |       |       |       |     3 |     1 ||     4
Invok: Sacrifice Essence |       |       |     1 |       |       ||     1
       Reject Sacrifices |       |       |       |     1 |       ||     1
       Sacrifice Drink   |       |       |       |       |     1 ||     1
       Sacrifice Experie |       |       |       |       |     1 ||     1
       Sacrifice an Eye  |       |       |       |       |     1 ||     1
       Draw Out Power    |       |       |       |       |     5 ||     5
       Apocalypse        |       |       |       |       |     4 ||     4
       Sacrifice Health  |       |       |       |       |     1 ||     1
       Sacrifice Arcana  |       |       |       |       |     1 ||     1
Evoke: Wand              |       |       |       |     3 |    14 ||    17
  Use: Scroll            |       |       |       |    15 |    26 ||    41
       Potion            |       |       |       |       |     4 ||     4
 Stab: Sleeping          |     9 |     6 |     5 |    17 |    31 ||    68
       Distracted        |       |     1 |     1 |       |    24 ||    26
       Held in net/web   |       |       |       |     3 |       ||     3
       Invisible         |       |       |       |       |    18 ||    18
       Paralysed         |       |       |       |       |     6 ||     6
       Fleeing           |       |       |       |       |     1 ||     1
       Petrified         |       |       |       |       |     1 ||     1
Armor: Robe              |    15 |    10 |       |       |       ||    25
       Ring mail         |       |    10 |    99 |   288 |     8 ||   405
       Troll leather arm |       |       |       |       |   328 ||   328
       Leather armour    |       |       |       |       |    65 ||    65
Dodge: Dodged            |    29 |    36 |   144 |   496 |  1231 ||  1936
Block: Buckler           |       |       |       |       |   183 ||   183
       Kite shield       |       |       |       |       |   412 ||   412
